 Dungeon Crawl Stone Soup version 0.20.1-1-g8b1a95d (webtiles) character file.

445 manon the Conjurer (level 7, -1/36 HPs)
             Began as a Gargoyle Fire Elementalist on Nov 9, 2017.
             Was an Initiate of Vehumet.
             Slain by a crocodile (6 damage)
             ... on level 6 of the Dungeon.
             The game lasted 00:26:53 (4331 turns).

manon the Conjurer (Gargoyle Fire Elementalist)     Turns: 4331, Time: 00:26:53

Health: -1/36      AC: 12    Str: 12    XL:     7   Next: 3%
Magic:  1/11       EV: 11    Int: 17    God:    Vehumet [......]
Gold:   176        SH:  0    Dex: 10    Spells: 3/11 levels left

rFire    . . .     SeeInvis .   d - +0 club
rCold    . . .     Gourm    .   (no shield)
rNeg     + . .     Faith    .   l - +0 leather armour
rPois    ∞         Spirit   .   u - +0 helmet
rElec    +         Reflect  .   A - +0 cloak
rCorr    .         Harm     .   (no gloves)
MR       .....                  (no boots)
Stlth    ++........             (no amulet)
Regen    0.2/turn               s - +3 ring of protection
MPRegen  0.2/turn               (no ring)

@: no status effects
A: negative energy resistance 1, electricity resistance, unbreathing,
petrification resistance, rot immunity, AC +4
a: Renounce Religion


You were on level 6 of the Dungeon.
You worshipped Vehumet.
Vehumet was noncommittal.
You were not hungry.

You visited 2 branches of the dungeon, and saw 7 of its levels.

You collected 176 gold pieces.

Inventory:

Hand Weapons
 d - a +0 club (weapon)
Missiles
 g - 86 stones (quivered)
 k - 45 poisoned needles
 x - 61 arrows
 B - 11 sling bullets
Armour
 a - a +0 robe
 l - a +0 leather armour (worn)
 u - a +0 helmet (worn)
 A - a +0 cloak (worn)
Jewellery
 s - a +3 ring of protection (left hand)
Wands
 p - a wand of random effects (0/48)
 w - a wand of polymorph (6/24)
 C - a wand of confusion (0/48)
Scrolls
 e - 2 scrolls of fear
 f - 2 scrolls of remove curse
 h - a scroll of identify
 j - 3 scrolls of teleportation
 o - 3 scrolls of enchant weapon
 t - a scroll of amnesia {unknown}
 y - a scroll of enchant armour {unknown}
 z - a scroll of immolation {unknown}
Potions
 m - a potion of haste
 q - a potion of berserk rage
Books
 b - a book of Flames

   Spells                             Type                      Level
   a - Flame Tongue                   Conjuration/Fire             1
   b - Throw Flame                    Conjuration/Fire             2
   c - Conjure Flame                  Conjuration/Fire             3
   d - Inner Flame                    Hexes/Fire                   3
   e - Sticky Flame                   Conjuration/Fire             4
   f - Fireball                       Conjuration/Fire             5
Comestibles
 c - 2 bread rations
 n - a meat ration


   Skills:
 - Level 2.1 Maces & Flails
 - Level 1.5 Dodging
 - Level 2.1 Stealth
 + Level 2.9 Spellcasting
 + Level 4.9 Conjurations
 + Level 4.8 Fire Magic
 + Level 1.1 Evocations


You had 3 spell levels left.
You knew the following spells:

 Your Spells              Type           Power        Failure   Level  Hunger
a - Flame Tongue          Conj/Fire      ###..        3%          1    None
b - Sticky Flame          Conj/Fire      ###.....     30%         4    ####...
c - Conjure Flame         Conj/Fire      ###.....     9%          3    ###....


Dungeon Overview and Level Annotations

Branches:
Dungeon (6/15)             Temple (1/1) D:4

Altars:
Elyvilon
Fedhas
Gozag
Kikubaaqudgha
Makhleb
Nemelex Xobeh
Okawaru
Qazlal
Ru
Sif Muna
Uskayaw
Vehumet
Xom
Yredelemnul
Zin

Annotations:
D:2 Sigmund
D:4 exclusion: killer bee
D:6 exclusion: sky beast


Innate Abilities, Weirdness & Mutations

You are resistant to torment.
Your stone body is resilient. (AC +4)
You are immune to poison.
You resist negative energy. (rN+)
You are resistant to electric shocks. (rElec)
You can survive without breathing.
You are immune to petrification.
You are immune to rotting.


Message History

The crocodile misses you.
You closely miss the crocodile.
The crocodile is severely wounded.
The crocodile barely misses you.
You hit the crocodile.
The crocodile is severely wounded.
The crocodile barely misses you.
You hit the crocodile.
The crocodile is severely wounded.
The crocodile bites you. The crocodile bites you!
* * * LOW HITPOINT WARNING * * *
Casting: Flame Tongue
Confirm with . or Enter, or press ? or * to list all spells.
Aiming: Flame Tongue
Press: ? - help, Shift-Dir - straight line, f/p - crocodile
Aim: a crocodile (severely wounded)
The flame tongue hits the crocodile.
The crocodile is almost dead.
The crocodile bites you.
You die...

####### #.....### # #........
#######################.....#
....................).....#
...............t@.#####)#.#
.####.........###..# #.#.#
.####.........####.####)#.#######
....)............................
.####.........#####.###'#.#.#####
.# #.........# #.##....#.# .#
#.........# #..#....#.# .#
#.........# ##.#....#.# .#
#.........# #.#....#.#


You could see a crocodile.

Vanquished Creatures
  An ogre (D:6)
  A scorpion (D:4)
  An orc priest (D:6)
  A bullfrog skeleton (D:4)
  Ijyb (D:3)
  Terence (D:3)
  2 worker ants
  A worker ant zombie (D:6)
  4 gnolls (D:3)
  4 adders
  4 oozes
  A worm (D:4)
  2 dart slugs
  3 leopard geckos
  4 orcs (D:6)
  6 bats
  6 giant cockroaches
  4 goblins
  2 kobolds
  A quokka (D:3)
  A ball python (D:3)
  2 frilled lizards (D:1)
  5 rats
58 creatures vanquished.

Notes
Turn   | Place    | Note
-------+----------+-------------------------------------------
     0 | D:1      | manon the Gargoyle Fire Elementalist began the quest for the Orb.
     0 | D:1      | Reached XP level 1. HP: 10/10 MP: 3/3
   246 | D:1      | Reached XP level 2. HP: 5/15 MP: 0/5
   893 | D:1      | Reached skill level 1 in Maces & Flails
   893 | D:1      | Reached XP level 3. HP: 12/19 MP: 0/6
  1361 | D:2      | Noticed Sigmund
  1478 | D:3      | Learned a level 3 spell: Conjure Flame
  1504 | D:3      | Found a sparkling altar of Nemelex Xobeh.
  1505 | D:3      | Found an ancient bone altar of Kikubaaqudgha.
  1735 | D:3      | Noticed Ijyb
  1788 | D:3      | Killed Ijyb
  1788 | D:3      | Reached XP level 4. HP: 9/24 MP: 0/7
  1991 | D:3      | Noticed Terence
  2155 | D:3      | Reached XP level 5. HP: 12/28 MP: 1/8
  2436 | D:3      | Killed Terence
  2556 | D:3      | Found a glowing silver altar of Zin.
  2811 | D:3      | Learned a level 4 spell: Sticky Flame
  2892 | D:4      | Found a burning altar of Makhleb.
  3081 | D:4      | Found a staircase to the Ecumenical Temple.
  3091 | Temple   | Entered the Ecumenical Temple
  3100 | Temple   | Became a worshipper of Vehumet
  3152 | D:4      | Noticed a phantom
  3356 | D:4      | Reached XP level 6. HP: 32/32 MP: 3/9
  3533 | D:5      | Entered Level 5 of the Dungeon
  4061 | D:6      | Reached skill level 1 in Evocations
  4196 | D:6      | Noticed a sky beast
  4248 | D:6      | Noticed an orc warrior
  4299 | D:6      | Reached XP level 7. HP: 24/36 MP: 5/11
  4331 | D:6      | Slain by a crocodile

Skill      XL: |  1  2  3  4  5  6 |
---------------+-------------------+-----
Maces & Flails | 1 2 |  2.1
Conjurations   | 2 3 4 |  4.9
Fire Magic     | 4 |  4.8
Evocations     | 1 |  1.1
Dodging        | |  1.5
Stealth        | |  2.1
Spellcasting   | |  2.9

Action                   |  1- 3 |  4- 6 |  7- 9 || total
-------------------------+-------+-------+-------++-------
Melee: Club              |   101 |   121 |     9 ||   231
Throw: Stone             |       |    17 |       ||    17
       Tomahawk          |       |    22 |       ||    22
 Cast: Flame Tongue      |    42 |    73 |     7 ||   122
       Conjure Flame     |       |     6 |     1 ||     7
Evoke: Wand              |       |    16 |     4 ||    20
  Use: Potion            |     1 |     1 |       ||     2
       Scroll            |       |     6 |       ||     6
 Stab: Sleeping          |     2 |     1 |       ||     3
       Paralysed         |       |     6 |       ||     6
       Confused          |       |     1 |       ||     1
  Eat: Chunk             |     3 |     1 |       ||     4
       Meat ration       |       |     1 |       ||     1
       Fruit             |       |     3 |       ||     3
       Royal jelly       |       |     1 |       ||     1
Armor: Robe              |    28 |       |       ||    28
       Leather armour    |    24 |    91 |     1 ||   116
Dodge: Dodged            |    78 |   118 |     5 ||   201
